 Dungeon Sprint DCSS version 0.30.1-11-g7821555f0a (webtiles) character file.

Game seed: 14505592533910290928

1057 Heoruswealwe the Spear-Bearer (level 8, 0/82 HPs)
             Began as a Minotaur Fighter on Nov 15, 2023.
             Was an Initiate of Gozag.
             Slain by a manticore (5 damage)
             ... in the Dungeon (Sprint IX: "|||||||||||||||||||||||||||||").
             The game lasted 00:02:29 (212 turns).

Heoruswealwe the Spear-Bearer (Minotaur Fighter)     Turns: 212, Time: 00:02:30

Health: 0/82       AC: 16    Str: 25    XL:     8   Next: 6%
Magic:  7/7        EV:  9    Int:  5    God:    Gozag
Gold:   612        SH:  0    Dex: 11    Spells: 7/7 levels left

rFire   . . .        b - +2 halberd (venom)
rCold   . . .        (shield currently unavailable)
rNeg    . . .        c - +1 chain mail
rPois   .            (helmet restricted)
rElec   .            (no cloak)
rCorr   .            f - +0 pair of gloves
SInv    .            e - +0 pair of boots
Will    .....        (no amulet) Stlth
                     k - +3 ring of strength
HPRegen 0.33/turn    (no ring)
MPRegen 0.10/turn

%: no teleportation
@: gold aura
A: horns 2, retaliatory headbutt
a: Renounce Religion, Potion Petition, Call Merchant, Bribe Branch


You were in the Dungeon.
You worshipped Gozag.
Gozag was pleased with you.
You visited 1 branch You collected 612 gold pieces.

Inventory:

Hand Weapons
 a - a +0 trident
 b - a +2 halberd of venom (weapon)
Armour
 c - a +1 chain mail (worn)
 d - a +0 buckler
 e - a +0 pair of boots (worn)
 f - a +0 pair of gloves (worn)
Jewellery
 k - a +3 ring of strength (left hand)
Wands
 h - a wand of light (10)
Scrolls
 j - 2 scrolls of blinking
Potions
 g - a potion of haste
 i - a potion of berserk rage
 m - 5 potions of curing
 n - a potion of might


   Skills:
 + Level 11.2 Fighting
 * Level 14.9 Polearms
 + Level 11.2 Armour
 - Level 3.6 Shields


You had 7 spell levels left.
You didn't know any spells.
Your spell library was empty.

Dungeon Overview and Level Annotations

Branches:
Dungeon (1/1)

Altars:
Cheibriados
Dithmenos
Elyvilon
Fedhas
Gozag
Hepliaklqana
Kikubaaqudgha
Makhleb
Nemelex Xobeh
Okawaru
Qazlal
Ru
Sif Muna
Trog
Uskayaw
Vehumet
Wu Jian
Xom
Yredelemnul
Zin
The Shining One
Jiyva
Lugonu


Innate Abilities, Weirdness & Mutations

You have a pair of horns on your head.
You reflexively headbutt those who attack you in melee.


Message History

You open the door.
A slime creature, a manticore, a vampire mosquito, an acid dragon and a cyclops come into view.
The slime creature quivers.
The acid dragon roars!
The cyclops shouts!
You puncture the slime creature! You headbutt the slime creature!
The slime creature is heavily wounded.
The slime creature hits you.
* * * LOW HITPOINT WARNING * * *
You puncture the slime creature! You headbutt the slime creature.
The slime creature is severely wounded.
You slash the slime creature!
You kill the slime creature!
The acid dragon is distracted by your dazzling golden aura.
Your Fighting skill increases to level 11!
Your Armour skill increases to level 11!
You have reached level 8!
You feel agile.
The acid dragon roars!
You slash the manticore!
The manticore is poisoned.
The manticore is moderately wounded.
The manticore bites you.
* * * LOW HITPOINT WARNING * * *
The manticore claws you.
* * * LOW HITPOINT WARNING * * *
The manticore barely misses you.
You barely miss the manticore.
The manticore is moderately wounded.
The manticore is distracted by your dazzling golden aura.
You barely miss the manticore.
The manticore is no longer distracted by gold.
The manticore is moderately wounded.
You impale the manticore!!
The manticore looks as sick as possible!
The manticore is severely wounded.
The acid dragon is no longer distracted by gold.
The manticore bites you!
* * * LOW HITPOINT WARNING * * *
The manticore claws you.
You die...
Your body crumbles into a pile of gold.

$
▓.▓
▓.▓
$
▓'▓
▓.▓
$
▓.▓
$
▓)▓
$ $
▓.▓
$
▓)▓
$
▓@▓
▓H▓
▓.▓
▓y▓
▓D▓
▓.▓
▓C▓
▓.▓


You could see a manticore (extremely poisoned), a cyclops, an acid dragon and a
vampire mosquito.

Vanquished Creatures
  An unseen horror (D)
  A troll (D)
  A shadow (D)
  A slime creature (D)
  A vampire (D)
  A centaur (D)
  A kobold brigand (D)
  An iguana (D)
  An adder (D)
  3 orcs (D)
  2 endoplasms (D)
  A bat (D)
  2 frilled lizards (D)
17 creatures vanquished.

Notes
Turn   | Place    | Note
-------+----------+-------------------------------------------
     0 | D        | Heoruswealwe the Minotaur Fighter began the quest for the
                  | Orb.
     0 | D        | Reached XP level 1. HP: 19/19 MP: 0/0
     7 | D        | Reached skill level 3 in Polearms
    16 | D        | Noticed an iguana
    26 | D        | Reached skill level 4 in Polearms
    26 | D        | Reached XP level 2. HP: 26/28 MP: 1/1
    36 | D        | Reached skill level 5 in Fighting
    36 | D        | Reached skill level 6 in Polearms
    36 | D        | Reached skill level 5 in Armour
    36 | D        | Reached XP level 3. HP: 11/36 MP: 2/2
    45 | D        | Found a snail-covered altar of Cheibriados.
    45 | D        | Found a shadowy altar of Dithmenos.
    45 | D        | Found a white marble altar of Elyvilon.
    45 | D        | Found a blossoming altar of Fedhas.
    45 | D        | Found an opulent altar of Gozag.
    46 | D        | Found a hazy altar of Hepliaklqana.
    47 | D        | Found a viscous altar of Jiyva.
    48 | D        | Found an ancient bone altar of Kikubaaqudgha.
    49 | D        | Found a corrupted altar of Lugonu.
    50 | D        | Found a burning altar of Makhleb.
    51 | D        | Found a sparkling altar of Nemelex Xobeh.
    52 | D        | Found an iron altar of Okawaru.
    53 | D        | Became a worshipper of Gozag Ym Sagoz the Greedy
    54 | D        | Found a stormy altar of Qazlal.
    55 | D        | Found a sacrificial altar of Ru.
    56 | D        | Found a shimmering blue altar of Sif Muna.
    57 | D        | Found a bloodstained altar of Trog.
    58 | D        | Found a hide-covered altar of Uskayaw.
    59 | D        | Found a radiant altar of Vehumet.
    60 | D        | Found an ornate altar of the Wu Jian Council.
    61 | D        | Found a shimmering altar of Xom.
    62 | D        | Found a basalt altar of Yredelemnul.
    63 | D        | Found a glowing silver altar of Zin.
    64 | D        | Found a glowing golden altar of the Shining One.
   148 | D        | Noticed a troll
   148 | D        | Noticed a shadow
   148 | D        | Noticed a centaur
   148 | D        | Noticed a vampire
   148 | D        | Noticed a kobold brigand
   155 | D        | Killed a troll
   156 | D        | Reached skill level 10 in Polearms
   156 | D        | Reached XP level 4. HP: 20/48 MP: 3/3
   156 | D        | Reached XP level 5. HP: 22/53 MP: 4/4
   158 | D        | Killed a shadow
   159 | D        | Reached skill level 12 in Polearms
   159 | D        | Reached XP level 6. HP: 27/63 MP: 5/5
   163 | D        | Killed an unseen horror
   164 | D        | Reached skill level 10 in Fighting
   164 | D        | Reached skill level 13 in Polearms
   164 | D        | Reached skill level 10 in Armour
   164 | D        | Reached XP level 7. HP: 26/72 MP: 6/6
   176 | D        | HP: 1/73 [vampire/vampiric draining (11)]
   182 | D        | Killed a vampire
   183 | D        | Reached skill level 14 in Polearms
   205 | D        | Noticed a slime creature
   205 | D        | Noticed a manticore
   205 | D        | Noticed a vampire mosquito
   205 | D        | Noticed a cyclops
   208 | D        | Killed a slime creature
   209 | D        | Reached XP level 8. HP: 23/82 MP: 7/7
   212 | D        | Slain by a manticore

Illustrated notes

Levels and vault maps discovered:
D:        linesprint [early_d, line_temple, items_1, d_10, items_2, lair_1,
          lair_end, items_3, orc_1, orc_end, items_4, d_15, swamp_1, shoals_1,
          snake_1, spider_1, d_20, vaults_1, items_5, swamp_end, shoals_end,
          snake_end, spider_end, vaults_end, d_27, items_6, zot_1, zot_end,
          crypt_end, forest_end, elf_end, slime_end, tomb_end, abyss_end,
          pan_hell_end]

Skill      XL: |  1  2  3  4  5  6  7 |
---------------+----------------------+-----
Polearms       | 4 6 10 12 13 14 | 14.9
Fighting       | 4 5 8 9 10 11 | 11.2
Armour         | 4 5 8 9 10 11 | 11.2
Shields        | |  3.6

Action                     |  1- 3 |  4- 6 |  7- 9 || total
---------------------------+-------+-------+-------++-------
  Melee: Trident           |    27 |       |       ||    27
         Headbutt          |     3 |     2 |     4 ||     9
         Halberd           |     6 |     6 |    23 ||    35
    Use: Potion            |     1 |       |     2 ||     3
 Armour: Scale mail        |     5 |       |       ||     5
         Chain mail        |     7 |     5 |     8 ||    20
  Dodge: Dodged            |    19 |       |    12 ||    31
  Block: Buckler           |     3 |       |       ||     3
